Map: Eternal Empire LE

Players

TedBurtle - Winner!

  • Race: Protoss Protoss
  • League: Diamond
  • Spawn Location: 7:00

Nordres

  • Race: Zerg Zerg
  • League: Master
  • Spawn Location: 1:00

VOD

Have the link to the VOD?

Description

Time

  • Played on: Sept. 2, 2020, 12:27 p.m.
  • Length: 7:58
Show
View Real Time Build Order
Export as new Build Order

TedBurtle Protoss - Winner!

Build Orders: 1 Gate Expand, Zealot Archon 

Get SALT Encoding   

  12  0:00  Probe  
  13  0:12  Probe  
  14  0:20  Pylon  
  14  0:25  Probe  
  15  0:38  Probe (Chrono Boost)  
  15  0:39  Gateway  
  16  0:48  Assimilator  
  16  0:49  Probe (Chrono Boost)  
  17  0:53  Probe (Chrono Boost)  
  19  1:04  Probe  
  19  1:16  Probe  
  20  1:24  Nexus  
  20  1:35  Cybernetics Core  
  20  1:39  Probe  
  21  1:43  Assimilator  
  21  1:51  Probe  
  22  1:55  Pylon  
  22  2:03  Probe  
  23  2:10  Adept (Chrono Boost)  
  23  2:15  Probe  
  26  2:18  Stargate  
  26  2:26  Warp Gate  
  26  2:27  Probe (Chrono Boost)  
  27  2:30  Adept (Chrono Boost)  
  29  2:37  Probe (Chrono Boost)  
  31  2:45  Probe (Chrono Boost)  
  31  2:47  Probe (Chrono Boost)  
  32  2:52  Adept, Probe x2 (Chrono Boost)  
  36  3:03  Probe  
  36  3:04  Probe  
  38  3:12  Void Ray  
  37  3:16  Probe (Chrono Boost)  
  37  3:18  Probe (Chrono Boost)  
  44  3:28  Probe (Chrono Boost)  
  44  3:31  Pylon  
  44  3:32  Probe (Chrono Boost)  
  44  3:33  Probe (Chrono Boost)  
  45  3:39  Assimilator  
  45  3:40  Assimilator  
  46  3:44  Pylon  
  46  3:49  Probe x2  
  46  3:53  Gateway  
  46  3:54  Void Ray  
  48  4:01  Probe x2  
  54  4:10  Robotics Facility  
  54  4:13  Probe x2  
  56  4:24  Twilight Council  
  56  4:25  Forge, Probe x2  
  58  4:33  Pylon  
  58  4:38  Probe x2  
  60  4:50  Probe x2  
  60  4:51  Pylon  
  60  5:02  Immortal (Chrono Boost), Probe  
  60  5:04  Protoss Ground Weapons Level 1 (Chrono Boost)  
  60  5:05  Probe  
  66  5:07  Charge  
  67  5:14  Pylon, Probe  
  67  5:17  Probe  
  68  5:25  Gateway  
  68  5:26  Gateway, Probe  
  68  5:27  Gateway x2  
  69  5:29  Probe  
  70  5:36  Immortal  
  70  5:38  Probe  
  70  5:41  Templar Archives  
  75  5:44  Pylon, Probe  
  76  5:50  Probe  
  76  5:51  Adept x2  
  76  5:57  Probe  
  82  6:14  Warp Prism  
  82  6:15  Nexus  
  84  6:19  Assimilator  
  84  6:22  Assimilator  
  84  6:24  Pylon  
  84  6:27  Pylon  
  84  6:37  High Templar x5  
  94  6:42  High Templar  
  94  6:46  Pylon  
  94  6:47  Archon x3  
  96  6:48  Pylon  
  96  6:49  Pylon x2  
  96  6:52  Probe x2  
  98  7:04  Probe x2  
  100  7:14  Zealot x6  
  112  7:16  Probe x2  
  98  7:38  Probe x3  
  98  7:41  Zealot x6  
Show
View Real Time Build Order
Export as new Build Order

Nordres Zerg 

Build Orders: Hatch First 

Get SALT Encoding   

  12  0:00  Drone  
  13  0:12  Overlord  
  13  0:16  Drone  
  14  0:30  Drone x2  
  16  0:49  Hatchery  
  15  0:52  Drone  
  15  0:55  Drone  
  17  0:59  Drone  
  18  1:09  Extractor  
  17  1:17  Spawning Pool  
  16  1:19  Drone  
  16  1:21  Drone  
  18  1:27  Drone  
  19  1:41  Drone  
  20  1:49  Overlord  
  20  2:03  Queen x2  
  20  2:04  Zergling x4  
  26  2:13  Drone x2  
  28  2:23  Metabolic Boost  
  28  2:25  Drone x2  
  30  2:36  Hatchery  
  29  2:42  Drone  
  29  2:43  Drone  
  31  2:45  Overlord  
  31  2:48  Drone  
  32  2:56  Zergling x4  
  34  3:12  Drone x2  
  36  3:13  Drone x3  
  36  3:14  Spore Crawler  
  36  3:15  Spore Crawler  
  36  3:20  Evolution Chamber  
  36  3:23  Drone x2  
  37  3:29  Drone x2  
  37  3:30  Queen  
  41  3:45  Queen, Overlord  
  41  3:46  Overlord  
  43  3:52  Zerg Missile Weapons Level 1  
  43  3:54  Drone x3  
  46  4:01  Zergling x2  
  46  4:02  Zergling x6  
  50  4:04  Overlord  
  50  4:15  Queen  
  52  4:21  Extractor  
  51  4:33  Drone  
  51  4:34  Drone x3  
  51  4:35  Drone x2  
  51  4:36  Drone x2  
  59  4:44  Lair  
  54  5:07  Extractor  
  54  5:11  Zergling x2  
  54  5:12  Zergling x8  
  54  5:13  Overlord x2  
  58  5:44  Hydralisk Den  
  58  5:48  Drone x3  
  58  5:49  Extractor  
  59  5:50  Drone x2  
  60  5:57  Drone x4  
  60  5:58  Drone, Overlord x2  
  60  5:59  Overlord  
  65  6:18  Drone x16  
  71  6:22  Muscular Augments  
  71  6:25  Overlord x2  
  77  6:31  Hatchery  
  76  6:33  Drone x3  
  76  6:34  Drone, Extractor  
  76  6:36  Extractor  
  78  6:53  Hydralisk x11  
  100  7:06  Hydralisk x3  
  92  7:32  Zergling x2, Hydralisk  
  92  7:33  Zergling x12, Hydralisk x3  
Tags
 
Add a new tag
Caveats
  • Supply blocks, unpowered buildings, or Contaminate may cause inaccurate times.
  • Supply counts are checked every 10 seconds.